 Dungeon Crawl Stone Soup version 0.29-a0-1065-g47a6bb87d6 (webtiles) character file.

Game seed: 11633764384042154043

40 SensoryNuts the Slasher (level 3, 0/45 HPs)
             Began as a Draconian Gladiator on Aug 18, 2022.
             Succumbed to a scorpion's poison
             ... on level 2 of the Dungeon.
             The game lasted 00:01:00 (2040 turns).

SensoryNuts the Slasher (Draconian Gladiator)       Turns: 2040, Time: 00:01:00

Health: 0/45       AC:  5    Str: 18    XL:     3   Next: 30%
Magic:  3/3        EV: 12    Int:  8    God:
Gold:   48         SH:  0    Dex: 12    Spells: 2/2 levels left

rFire   . . .      SeeInvis .   a - +0 long sword
rCold   . . .      Faith    .   (no shield)
rNeg    . . .      Spirit   .   (body armour unavailable)
rPois   .          Reflect  .   b - +0 hat
rElec   .          Harm     .   (no cloak)
rCorr   .          Rampage  .   (no gloves)
Will    .....                   (no boots)
Stlth   ..........              (no amulet)
HPRegen 0.15/turn               (no ring)
MPRegen 0.08/turn               (no ring)

@: berserking, lethally poisoned (0 -> -21), very quick
A: AC +5, unfitting armour, cold-blooded
a: no special abilities


You were on level 2 of the Dungeon.
You visited 1 branch of the dungeon, and saw 2 of its levels.

You collected 48 gold pieces.

Inventory:

Hand Weapons
 a - a +0 long sword (weapon)
Missiles
 c - 3 throwing nets (quivered)
 d - a javelin
Armour
 b - a +0 hat (worn)
Scrolls
 f - 3 scrolls of vulnerability {unknown}
 g - 2 scrolls of amnesia {unknown}
 j - a scroll of silence {unknown}
 k - 6 scrolls of identify {unknown}
 l - a scroll of enchant weapon {unknown}
Potions
 e - a potion of curing {unknown}
 i - a potion of lignification {unknown}


   Skills:
 + Level 2.7 Fighting
 + Level 3.5 Long Blades
 + Level 1.7 Throwing
 + Level 3.3 Dodging
 + Level 0.1 Stealth


You had 2 spell levels left.
You didn't know any spells.
Your spell library was empty.

Dungeon Overview and Level Annotations

Branches:
Dungeon (2/15)

Altars:
Vehumet


Innate Abilities, Weirdness & Mutations

Your plain brown scales are hard. (AC +5)
You cannot fit into any form of body armour.
You are cold-blooded and may be slowed by cold attacks.


Message History

You barely miss the scorpion.
You feel sick. The scorpion stings you. x2
You hit the scorpion but do no damage.
You feel sick.
The scorpion stings you but does no damage.
You slash the scorpion!
The scorpion is heavily wounded.
You feel sick. The scorpion barely misses you. The scorpion closely misses you.
You hit the scorpion but do no damage.
The scorpion is heavily wounded.
You feel sick.
You are no longer poisoned.
The scorpion stings you.
You are too injured to fight recklessly!
You are too injured to fight recklessly!
You are too injured to fight recklessly!
You are too injured to fight recklessly!
You are too injured to fight recklessly!
You are too injured to fight recklessly!
You hit the scorpion.
The scorpion is severely wounded.
The scorpion closely misses you. x2
You barely miss the scorpion.
The scorpion is severely wounded.
The scorpion closely misses you.
You barely miss the scorpion.
Your tail-slap misses the scorpion.
The scorpion is severely wounded.
The scorpion stings you.
You are lethally poisoned!
The scorpion poisons you! The scorpion completely misses you.
You barely miss the scorpion. You tail-slap the scorpion.
The scorpion is almost dead.
* * * LOW HITPOINT WARNING * * *
You feel very sick. The scorpion stings you.
* * * LOW HITPOINT WARNING * * *
You are more poisoned.
The scorpion poisons you!
It was a potion of berserk rage.
A red film seems to cover your vision as you go berserk!
You feel yourself moving faster!
You feel mighty!
You die...

#..# #... #[.# #..#####
#......#.. #########
#..#......
........###....#....
#######.#...@s...#
#####................#
........###....####..#
........# #....# .# ....
....._.)###....# .# .#..
##.......##....#+##.. .
.........##.............
....#.....#.............
....+............. .....


You could see a scorpion.

Vanquished Creatures
  An adder (D:2)
  A dart slug (D:1)
  4 endoplasms (D:1)
  A hobgoblin (D:1)
  3 kobolds (D:1)
  3 quokkas (D:1)
  4 ball pythons
  3 bats
  2 goblins (D:1)
  9 rats
31 creatures vanquished.

Notes
Turn   | Place    | Note
-------+----------+-------------------------------------------
     0 | D:1      | SensoryNuts the Draconian Gladiator began the quest for the
                  | Orb.
     0 | D:1      | Reached XP level 1. HP: 17/17 MP: 1/1
   381 | D:1      | Reached XP level 2. HP: 7/24 MP: 2/2
  1615 | D:2      | Reached XP level 3. HP: 30/30 MP: 3/3
  1821 | D:2      | Found a radiant altar of Vehumet.
  2026 | D:2      | Noticed a scorpion
  2040 | D:2      | Succumbed to a scorpion's poison

Illustrated notes

Levels and vault maps discovered:
D:1:      dpeg_arrival_ratfight, layout_loops_corners, minmay_small_reverse_x
D:2:      layout_basic, basic_altar, corexii_shack, uniq_sigmund

Skill      XL: |  1 |
---------------+----+-----
Dodging        | 3 |  3.3
Fighting       | |  2.7
Long Blades    | |  3.5
Throwing       | |  1.7
Stealth        | |  0.1

Action                   || total
-------------------------++-------
Melee: Long sword        ||    92
       Tailslap          ||     7
       Punch             ||     2
  Use: Potion            ||     1
Armor: Skin              ||    28
Dodge: Dodged            ||    63

Table legend: (Time is in decaauts)
 A = Elapsed time spent in this place.
 B = Non-inter-level travel time spent in this place.
 C = Inter-level travel time spent in this place.
 D = Time resting spent in this place.
 E = Time spent auto-exploring this place.
 F = Levels seen in this place.
 G = Mean time per level.
                   A        B        C        D        E       F      G
               +--------+--------+--------+--------+--------+-----+--------+
         Total |   2063 |   1975 |     88 |      0 |   1764 |   2 | 1031.5 |
       Dungeon |   2063 |   1975 |     88 |      0 |   1764 |   2 | 1031.5 |
               +--------+--------+--------+--------+--------+-----+--------+

Top non-repeatable levels by time:
     D:1: 1515 daAuts
     D:2: 548 daAuts
